 Dungeon Crawl Stone Soup version 0.28-a0-21-gf74fda84f9 (webtiles) character file.

Game seed: 7069284800561594430

205 dracfodder the Digger (level 5, 0/28 HPs)
             Began as a Gargoyle Earth Elementalist on July 26, 2021.
             Slain by a gnoll (6 damage)
             ... on level 4 of the Dungeon.
             The game lasted 00:17:01 (3352 turns).

dracfodder the Digger (Gargoyle Earth Elementalist) Turns: 3352, Time: 00:17:02

Health: 0/28       AC:  6    Str: 11    XL:     5   Next: 83%
Magic:  10/10      EV: 12    Int: 23    God:
Gold:   100        SH:  0    Dex: 10    Spells: 3/11 levels left

rFire   . . .      SeeInvis .   a - +0 war axe
rCold   . . .      Faith    .   (no shield)
rNeg    + . .      Spirit   .   o - +0 robe
rPois   ∞          Reflect  .   (no helmet)
rElec   +          Harm     .   (no cloak)
rCorr   .          Rampage  .   (no gloves)
Will    +....                   (no boots)
Stlth   ++........              (no amulet)
HPRegen 0.09/turn               n - +6 ring of intelligence
MPRegen 0.12/turn               k - ring of willpower

@: no status effects
A: sickness immunity, AC +4, negative energy resistance 1, electricity
resistance, torment resistance 1, petrification resistance
a: no special abilities


You were on level 4 of the Dungeon.
You visited 1 branch of the dungeon, and saw 4 of its levels.

You collected 201 gold pieces.
You spent 101 gold pieces at shops.

Inventory:

Hand Weapons
 a - a +0 war axe (weapon)
 b - a +1 vorpal hunting sling
Missiles
 c - 18 stones
 d - 23 arrows
Armour
 o - a +0 robe (worn)
Jewellery
 h - a ring of resist corrosion
 k - a ring of willpower (right hand)
 n - a +6 ring of intelligence (left hand)
Scrolls
 l - a scroll of fog {unknown}
 m - a scroll of enchant armour {unknown}
Potions
 e - a potion of flight
 f - a potion of cancellation {unknown}
 g - a potion of mutation {unknown}
 i - 2 potions of haste {unknown}
 j - a potion of heal wounds {unknown}


   Skills:
 + Level 1.6 Dodging
 + Level 2.6 Stealth
 * Level 3.8 Spellcasting
 + Level 0.8 Transmutations
 * Level 5.8 Earth Magic


You had 3 spell levels left.
You knew the following spells:

 Your Spells              Type           Power      Damage    Failure   Level
a - Sandblast             Erth           62%        2d14      1%          1
b - Passwall              Tmut/Erth      16%        N/A       4%          2
c - Stone Arrow           Conj/Erth      36%        3d9       10%         3
d - Corona                Hex            4%         N/A       11%         1
e - Apportation           Tloc           8%         N/A       11%         1

Your spell library contained the following spells:

 Spells                   Type           Power      Damage    Failure   Level
 Animate Skeleton         Necr           8%         N/A       11%         1
 Summon Small Mammal      Summ           16%        N/A       11%         1
 Ensorcelled Hibernation  Hex/Ice        8%         N/A       16%         2
 Spider Form              Tmut/Pois      3%         N/A       26%         3
 Petrify                  Tmut/Erth      20%        N/A       26%         4
 Shadow Creatures         Summ           N/A        N/A       100%        6


Dungeon Overview and Level Annotations

Branches:
Dungeon (4/15)
 Temple: D:4-7

Altars:
Gozag

Shops:
D:3 (


Innate Abilities, Weirdness & Mutations

You are immune to sickness and miasma.
Your stone body is resilient. (AC +4)
You are immune to poison.
You resist negative energy. (rN+)
You are resistant to electric shocks. (rElec)
You are resistant to unholy torment.
You are immune to petrification.


Message History

Press: ? - help, Shift-Dir - straight line, f - adder
Aim: an adder (asleep, 100% to hit)
The stone arrow hits the adder!
You kill the adder!
You start resting.
Magic restored.
p - a ring of poison resistance Drop what? 16/52 slots (_ for help) (? for menu, Esc to quit)
You drop a ring of poison resistance.
Done exploring.
You see here a +0 whip.
You see here a +0 robe.
There is a stone staircase leading down here.
There is a stone staircase leading down here.
You climb downwards. 2 gnolls come into view.
The gnoll shouts!
You hear a shout!
There is a stone staircase leading up here.
A gnoll comes into view. It is wielding a +0 club.
The gnoll shouts!
You closely miss the gnoll. The gnoll misses you. The gnoll closely misses you.
You hit the gnoll.
The gnoll is moderately wounded.
You hit the gnoll but do no damage. The gnoll misses you.
The gnoll hits you with a +0 club.
You hit the gnoll.
The gnoll is severely wounded.
You barely miss the gnoll. The gnoll closely misses you.
The gnoll hits you with a +0 club. The gnoll hits you with a +0 flail!
The gnoll hits you with a +0 club.
You closely miss the gnoll.
The gnoll is severely wounded.
You closely miss the gnoll. The gnoll barely misses you.
The gnoll hits you with a +0 club.
* * * LOW HITPOINT WARNING * * *
You barely miss the gnoll.
The gnoll is severely wounded.
You closely miss the gnoll. The gnoll barely misses you. x2
The gnoll hits you with a +0 flail.
You die...

#.....g.#
#.........#
#......##.#
.........#
#...g.##.#
#......#.#
#......#.#
#<...#g#
##.###@#
#...g.#
#######


You could see 2 gnolls.

Vanquished Creatures
  A hound (D:4)
  Jessica (D:3)
  An iguana (D:3)
  5 adders (D:3)
  An adder skeleton (D:4)
  3 dart slugs (D:1)
  8 orcs (D:3)
  5 ball pythons
  2 endoplasms
  2 giant cockroaches
  8 goblins
  2 hobgoblins
  2 jackals (D:3)
  8 kobolds
  A quokka (D:2)
  5 bats
  2 frilled lizards
  4 rats
61 creatures vanquished.

Notes
Turn   | Place    | Note
-------+----------+-------------------------------------------
     0 | D:1      | dracfodder the Gargoyle Earth Elementalist began the quest
                  | for the Orb.
     0 | D:1      | Reached XP level 1. HP: 10/10 MP: 3/3
   144 | D:1      | Reached skill level 4 in Earth Magic
   307 | D:1      | Reached XP level 2. HP: 15/15 MP: 1/5
   388 | D:1      | Learned a level 2 spell: Passwall
   558 | D:1      | Found a faded altar of an unknown god.
   970 | D:1      | Reached XP level 3. HP: 19/19 MP: 2/6
  1364 | D:2      | Learned a level 3 spell: Stone Arrow
  2026 | D:3      | Reached XP level 4. HP: 24/24 MP: 6/8
  2346 | D:3      | Found Vetiec's Weapon Shop.
  2368 | D:3      | Reached skill level 5 in Earth Magic
  2392 | D:3      | Bought a +1 vorpal hunting sling for 101 gold pieces
  2455 | D:3      | Noticed Jessica
  2456 | D:3      | Killed Jessica
  2457 | D:3      | Reached XP level 5. HP: 28/28 MP: 7/10
  2461 | D:3      | Found an opulent altar of Gozag.
  3207 | D:3      | Learned a level 1 spell: Corona
  3209 | D:3      | Learned a level 1 spell: Apportation
  3352 | D:4      | Slain by a gnoll

Illustrated notes

Levels and vault maps discovered:
D:1:      saegor_arrival_simple_c, layout_basic,
          shapermc_ecumenical_altar_mp_ritualfount
D:2:      layout_rooms, minmay_misc_feat_tower, minmay_split_cup_small
D:3:      layout_loops_cross, mainiacjoe_overflow_alcove_4, serial_shops,
          nicolae_shop_statue_plus, amcnicky_mini_corridor_feature,
          kennysheep_generic_room_3, uniq_jessica
D:4:      layout_basic

Skill      XL: |  1  2  3  4 |
---------------+-------------+-----
Earth Magic    | 4 5 |  5.8
Spellcasting   | 3 |  3.8
Dodging        | |  1.6
Stealth        | |  2.6
Transmutations | |  0.8

Action                   |  1- 3 |  4- 6 || total
-------------------------+-------+-------++-------
Melee: Hand axe          |     1 |       ||     1
       War axe           |     7 |     8 ||    15
 Fire: Hunting sling     |       |     1 ||     1
 Cast: Sandblast         |    49 |    28 ||    77
       Passwall          |     2 |     2 ||     4
       Stone Arrow       |       |     5 ||     5
  Use: Scroll            |     4 |       ||     4
 Stab: Sleeping          |     1 |       ||     1
Armor: Robe              |     5 |       ||     5
Dodge: Dodged            |    11 |    18 ||    29

Table legend: (Time is in decaauts)
 A = Elapsed time spent in this place.
 B = Non-inter-level travel time spent in this place.
 C = Inter-level travel time spent in this place.
 D = Time resting spent in this place.
 E = Time spent auto-exploring this place.
 F = Levels seen in this place.
 G = Mean time per level.
                   A        B        C        D        E       F      G
               +--------+--------+--------+--------+--------+-----+--------+
         Total |   3360 |   3306 |     54 |   1186 |   1499 |   4 |  840.0 |
       Dungeon |   3360 |   3306 |     54 |   1186 |   1499 |   4 |  840.0 |
               +--------+--------+--------+--------+--------+-----+--------+

Top non-repeatable levels by time:
     D:3: 1478 daAuts
     D:1: 1127 daAuts
     D:2: 730 daAuts
     D:4: 24 daAuts
